 Dungeon Crawl Stone Soup version 0.30.1-4-g462c640d31 (webtiles) character file.

Game seed: 1781142199559733587

2615 Cheops the Jinx (level 9, -1/48 HPs)
             Began as a Deep Elf Conjurer on Aug 28, 2023.
             Was a Believer of Vehumet.
             Shot with an arrow by a centaur (5 damage)
             ... on level 9 of the Dungeon.
             The game lasted 00:45:24 (16084 turns).

Cheops the Jinx (Deep Elf Conjurer)                Turns: 16084, Time: 00:45:24

Health: -1/48      AC:  9    Str: 13    XL:     9   Next: 34%
Magic:  8/17       EV: 11    Int: 28    God:    Vehumet [**....]
Gold:   128        SH:  0    Dex: 13    Spells: 2/16 levels left

rFire   . . .        b - +2 sling of Dufupaty {freeze, rPois Str+3}
rCold   . . .        (no shield)
rNeg    + . .        P - +0 acid dragon scales
rPois   +            l - +0 helmet
rElec   .            I - +1 cloak
rCorr   +            (no gloves)
SInv    .            (no boots)
Will    .....        (no amulet)
Stlth   ++           j - ring of positive energy
HPRegen 0.28/turn    L - +6 ring of strength
MPRegen 0.15/turn

%: no passive effects
@: no status effects
A: no striking features
a: Renounce Religion


You were on level 9 of the Dungeon.
You worshipped Vehumet.
Vehumet was pleased with you.
You visited 2 branches of the dungeon, and saw 10 of its levels.
You also visited: Ossuary.

You collected 336 gold pieces.
You spent 208 gold pieces at shops.

Inventory:

Hand Weapons
 a - a +3 quarterstaff of chaos
 b - the +2 sling of Dufupaty (weapon) {freeze, rPois Str+3}
   (You found it on level 3 of the Dungeon)

   Str:       It affects your strength (+3).
   rPois:     It protects you from poison.
Armour
 l - a +0 helmet (worn)
 m - a +0 leather armour
 s - a +0 robe
 u - a +1 ring mail of cold resistance
 B - a scarf of shadows
 I - a +1 cloak (worn)
 P - +0 acid dragon scales (worn)
Jewellery
 j - a ring of positive energy (left hand)
 H - an amulet of faith
 L - a +6 ring of strength (right hand)
Wands
 y - a wand of paralysis (5)
 C - a wand of digging (2)
 F - a wand of mindburst (12)
 G - a wand of flame (23)
 R - a wand of iceblast (12)
Scrolls
 c - 6 scrolls of vulnerability {unknown}
 f - a scroll of enchant armour {unknown}
 n - a scroll of magic mapping
 o - 3 scrolls of fear {unknown}
 p - 6 scrolls of teleportation
 q - a scroll of silence
 r - 3 scrolls of fog
 w - 2 scrolls of amnesia
 x - a scroll of butterflies
 E - a scroll of brand weapon
 N - a scroll of enchant weapon
 O - a scroll of immolation
 Q - a scroll of acquirement {unknown}
Potions
 d - 3 potions of haste {unknown}
 e - 4 potions of heal wounds {unknown}
 g - a potion of might {unknown}
 h - a potion of attraction
 i - 2 potions of lignification {unknown}
 k - 2 potions of degeneration {unknown}
 t - 2 potions of magic
 v - a potion of flight {unknown}
 z - a potion of cancellation {unknown}
 A - a potion of brilliance {unknown}
 D - a potion of ambrosia
 J - a potion of mutation
 K - 2 potions of berserk rage {unknown}
 M - 2 potions of curing


   Skills:
 + Level 2.0 Fighting
 - Level 2.4 Dodging
 - Level 2.4 Stealth
 - Level 4.0 Spellcasting
 - Level 8.0 Conjurations
 - Level 11.0 Hexes
 - Level 7.0 Translocations


You had 2 spell levels left.
You knew the following spells:

 Your Spells              Type           Power      Damage    Failure   Level
a - Magic Dart            Conj           100%       1d8       1%          1
b - Searing Ray           Conj           100%       2d8       1%          2
d - Dazzling Flash        Conj/Hex       100%       N/A       1%          3
i - Iskenderun's Mystic   Conj/Tloc      47%        2d10      4%          4
p - Fulminant Prism       Conj/Hex       28%        3d14      2%          4

Your spell library contained the following spells:

 Spells                   Type           Power      Damage    Failure   Level
 Static Discharge         Conj/Air       56%        2-5/arc   3%          2
 Freeze                   Ice            20%        1d4       11%         1
 Sandblast                Erth           10%        2d5       11%         1
 Passwall                 Tmut/Erth      4%         N/A       16%         2
 Scorch                   Fire           10%        2d5       16%         2
 Gell's Gravitas          Tloc           44%        N/A       1%          3
 Teleport Other           Tloc           44%        N/A       1%          3
 Inner Flame              Hex/Fire       36%        N/A       3%          3
 Hailstorm                Conj/Ice       28%        3d8       6%          3
 Stone Arrow              Conj/Erth      56%        3d10      6%          3
 Flame Wave               Conj/Fire      28%        2d9       21%         4
 Sticky Flame             Conj/Fire      28%        2d5       21%         4
 Frozen Ramparts          Ice            10%        1d2       32%         3
 Dispersal                Tloc           22%        N/A       67%         6
 Summon Cactus Giant      Summ           2%         N/A       100%        6


Dungeon Overview and Level Annotations

Branches:
Dungeon (9/15)             Temple (1/1) D:6         Ossuary (visited)
   Lair: D:8-11         Orc: D:9-12

Altars:
Ashenzari
Cheibriados
Dithmenos
Elyvilon
Fedhas
Gozag
Hepliaklqana
Kikubaaqudgha
Makhleb
Nemelex Xobeh
Okawaru
Qazlal
Ru
Sif Muna
Trog
Uskayaw
Vehumet
Wu Jian
Xom
Yredelemnul
Zin
The Shining One

Shops:
D:3 ?

Annotations:
D:8 Gastronok, Maurice


Message History

Aim: a centaur (90% to hit)
The searing ray hits the gnoll!
You kill the gnoll!
Vehumet accepts your kill.
You feel your power returning.
The searing ray hits the centaur!
The centaur is moderately wounded. (Press . to maintain the ray.)
The centaur wields a +0 shortbow.
The centaur shoots an arrow.
The arrow hits you.
Your fulminant prism explodes!
The blast of energy engulfs the gnoll!!
You kill the gnoll!
Vehumet accepts your kill.
The blast of energy engulfs the centaur!!
The centaur is almost dead.
The blast of energy engulfs the gnoll sergeant!
You kill the gnoll sergeant!
Vehumet accepts your kill.
The centaur wields a +0 shortbow.
The centaur shoots an arrow.
The arrow barely misses you.
You hear a shout! x4
Your Fighting skill increases to level 2!
Unknown command.
The centaur shoots an arrow.
The arrow hits you!
* * * LOW HITPOINT WARNING * * *
The centaur shoots an arrow.
The arrow hits you.
* * * LOW HITPOINT WARNING * * *
The centaur shoots an arrow.
The arrow barely misses you.
You see here a +0 whip.
The centaur shoots an arrow.
The arrow hits you.
* * * LOW HITPOINT WARNING * * *
The centaur shoots an arrow.
The arrow hits you but does no damage.
There is a stone staircase leading up here.
You see here a +0 whip.
The centaur shoots an arrow.
The arrow hits you.
* * * LOW HITPOINT WARNING * * *
The centaur shoots an arrow.
The arrow hits you!
* * * LOW HITPOINT WARNING * * *
The centaur shoots an arrow.
The arrow hits you.
You die...

#...# #...#
#...# #...#
#.o.# ####...# .
#......###...
#....)........
#....@).......
#..c).........
#...)c........
#..............
#...............
................
...............
..##..........[


You could see 2 centaurs and an orc.

Vanquished Creatures
  Grinder (D:4)
  Menkaure (Ossuary)
  A water moccasin (D:6)
  An acid dragon (D:8)
  An ice beast (D:7)
  3 black bears
  A sky beast (D:7)
  2 ogres
  3 centaurs
  A kobold brigand (D:8)
  3 bullfrogs
  2 scorpions (D:6)
  A gnoll sergeant (D:9)
  3 killer bees (D:7)
  3 howler monkeys (D:8)
  2 hounds
  A jelly (D:6)
  A gnoll bouda (D:6)
  An iguana (D:5)
  Crazy Yiuf (D:3)
  An orc wizard (D:7)
  3 mummies (Ossuary)
  9 gnolls
  8 adders
  2 dart slugs (D:2)
  15 orcs
  4 ball pythons
  3 bat zombies (D:4)
  10 endoplasms
  2 giant cockroaches (D:1)
  4 gnoll zombies (Ossuary)
  3 goblins
  7 hobgoblins
  3 jackals (D:4)
  5 quokkas (D:1)
  2 bats
  2 frilled lizards
  A gnoll skeleton (Ossuary)
  5 goblin skeletons (Ossuary)
  6 goblin zombies (Ossuary)
  A hobgoblin skeleton (Ossuary)
  4 hobgoblin zombies (Ossuary)
  15 kobolds
  7 kobold skeletons (Ossuary)
  5 kobold zombies (Ossuary)
  6 orc skeletons (Ossuary)
  3 orc zombies (Ossuary)
  4 rats
  5 rat skeletons (Ossuary)
  5 rat zombies
183 creatures vanquished.

Vanquished Creatures (others)
  17 fulminant prisms
17 creatures vanquished.

Grand Total: 200 creatures vanquished

Notes
Turn   | Place    | Note
-------+----------+-------------------------------------------
     0 | D:1      | Cheops the Deep Elf Conjurer began the quest for the Orb.
     0 | D:1      | Reached XP level 1. HP: 10/10 MP: 6/6
   328 | D:1      | Reached XP level 2. HP: 15/15 MP: 7/9
   331 | D:1      | Learned a level 2 spell: Searing Ray
  1035 | D:1      | Reached skill level 5 in Conjurations
  1109 | D:1      | Reached XP level 3. HP: 19/19 MP: 6/10
  1323 | D:1      | Learned a level 3 spell: Dazzling Flash
  2689 | D:3      | Found a faded altar of an unknown god.
  2842 | D:3      | Found a white marble altar of Elyvilon.
  2990 | D:3      | Reached XP level 4. HP: 24/24 MP: 9/12
  3084 | D:3      | Identified the +2 sling of Dufupaty {freeze, rPois Str+3}
  3206 | D:3      | Found a runed translucent door.
  3207 | D:3      | Noticed Crazy Yiuf
  3435 | D:3      | Found Noivoff's Magic Scroll Emporium.
  3438 | D:3      | Bought a scroll of identify for 26 gold pieces
  3438 | D:3      | Bought a scroll of identify for 26 gold pieces
  3438 | D:3      | Bought a scroll of identify for 26 gold pieces
  3496 | D:3      | Killed Crazy Yiuf
  3699 | D:3      | Learned a level 4 spell: Fulminant Prism
  4121 | D:4      | Found an iron altar of Okawaru.
  4217 | D:4      | Reached XP level 5. HP: 24/28 MP: 7/13
  4282 | D:4      | Noticed a black bear
  4289 | D:4      | Killed a black bear
  4374 | D:4      | Found a blossoming altar of Fedhas.
  4383 | D:4      | Noticed Grinder
  4390 | D:4      | Killed Grinder
  4391 | D:4      | Reached skill level 4 in Hexes
  4391 | D:4      | Reached XP level 6. HP: 32/32 MP: 6/14
  4650 | D:4      | Found an ancient bone altar of Kikubaaqudgha.
  4818 | D:3      | Bought a scroll of amnesia for 52 gold pieces
  4818 | D:3      | Bought a scroll of identify for 26 gold pieces
  4951 | D:5      | Entered Level 5 of the Dungeon
  5098 | D:5      | Reached skill level 5 in Hexes
  5163 | D:5      | Reached XP level 7. HP: 36/36 MP: 10/15
  5688 | D:6      | Reached skill level 6 in Hexes
  5819 | D:6      | Reached skill level 7 in Hexes
  5970 | D:6      | Found a staircase to the Ecumenical Temple.
  5979 | D:6      | Reached skill level 8 in Hexes
  6002 | Temple   | Entered the Ecumenical Temple
  6334 | Temple   | Became a worshipper of Vehumet
  6506 | D:6      | Found a sparkling altar of Nemelex Xobeh.
  6579 | D:6      | Reached XP level 8. HP: 41/41 MP: 12/16
  6610 | D:6      | Reached skill level 9 in Hexes
  9280 | D:3      | Found a white marble altar of Elyvilon.
  9371 | D:3      | Found a faded altar of an unknown god.
  9820 | D:3      | Found Noivoff's Magic Scroll Emporium.
 10164 | D:4      | Found an iron altar of Okawaru.
 10231 | D:4      | Found a blossoming altar of Fedhas.
 10395 | D:4      | Found an ancient bone altar of Kikubaaqudgha.
 11214 | D:6      | Found a staircase to the Ecumenical Temple.
 11347 | D:6      | Found a sparkling altar of Nemelex Xobeh.
 12076 | D:7      | Found a sand-covered staircase.
 12089 | Ossuary  | Entered an ossuary
 12858 | Ossuary  | Reached skill level 10 in Hexes
 12863 | Ossuary  | Learned a level 4 spell: Iskenderun's Mystic Blast
 12931 | Ossuary  | Noticed Menkaure
 13068 | Ossuary  | Killed Menkaure
 13068 | Ossuary  | Reached * piety under Vehumet
 13068 | Ossuary  | Offered knowledge of Foxfire by Vehumet.
 13579 | D:3      | Bought a scroll of immolation for 52 gold pieces
 13683 | D:7      | Reached skill level 11 in Hexes
 13683 | D:7      | Reached skill level 1 in Translocations
 13763 | D:7      | Found a glowing golden altar of the Shining One.
 14090 | D:7      | Found a basalt altar of Yredelemnul.
 14386 | D:7      | Reached ** piety under Vehumet
 14386 | D:7      | Offered knowledge of Static Discharge by Vehumet.
 14387 | D:7      | Reached skill level 5 in Translocations
 14442 | D:7      | Reached XP level 9. HP: 45/45 MP: 9/17
 15003 | D:8      | Noticed Gastronok
 15615 | D:8      | Noticed Maurice
 15620 | D:8      | Paralysed by Maurice for 3 turns
 15741 | D:8      | Found a shadowy altar of Dithmenos.
 15850 | D:8      | Reached skill level 1 in Fighting
 16084 | D:9      | Shot with an arrow by a centaur

Illustrated notes

Levels and vault maps discovered:
D:1:      dpeg_arrival_water_temple_mockup, layout_basic, serial_rivers,
          chequers_serial_rivers_micro_a, chequers_serial_rivers_small_a,
          chequers_serial_rivers_marsh, chequers_serial_rivers_room_b,
          chequers_serial_rivers_large_a, chequers_serial_rivers_micro_a
D:2:      layout_loops_corners
D:3:      layout_loops_cross, amcnicky_altar_gilded, serial_shops,
          nicolae_shop_rolled_up, hellmonk_ecumenical_altar_slurped_away,
          kennysheep_generic_room_9, uniq_crazy_yiuf_cottage
D:4:      layout_loops_ring, fedhas_ov_isle_minmay,
          lemuel_zombie_altar_kikubaaqudgha, okawaru_gym_becter, uniq_grinder
D:5:      layout_basic
D:6:      layout_layer_cave, nemelex_spade_bored_becter,
          minmay_temple_entry_arrows, serial_bayou_pond_c, nrook_mini_vaults
D:7:      layout_loops_corners, yredelemnul_altar_generic, lemuel_crystal_altar,
          lightli_ossuary_entry_decrepit_ruins
D:8:      layout_basic, nicolae_dithmenos_the_darkroom, uniq_maurice,
          uniq_gastronok
D:9:      kennysheep_six_static_rooms, layout_small_grid, hangedman_fish_farm,
          uniq_psyche
Temple:   minmay_temple_curvy_branch

Skill      XL: |  1  2  3  4  5  6  7  8  9 |
---------------+----------------------------+-----
Spellcasting   | 4 |  4.0
Conjurations   | 5 6 7 8 |  8.0
Hexes          | 4 5 8 11 | 11.0
Translocations | 5 7 |  7.0
Fighting       | 2 |  2.0
Dodging        | |  2.4
Stealth        | |  2.4

Action                     |  1- 3 |  4- 6 |  7- 9 || total
---------------------------+-------+-------+-------++-------
   Fire: Sling             |       |     1 |    21 ||    22
   Cast: Magic Dart        |    25 |    26 |    48 ||    99
         Searing Ray       |    24 |    17 |    68 ||   109
         Fulminant Prism   |       |       |    17 ||    17
  Evoke: Wand              |       |       |     2 ||     2
    Use: Scroll            |       |     6 |     7 ||    13
 Armour: Leather armour    |       |     6 |     1 ||     7
         Ring mail         |       |       |    29 ||    29
         Acid dragon scale |       |       |    15 ||    15
  Dodge: Dodged            |     6 |    11 |    41 ||    58
